 Dungeon Crawl Stone Soup version 0.22-a0-515-g75794bf (webtiles) character file.

16 Amnesiac the Ducker (level 2, -1/16 HPs)
             Began as a Spriggan Berserker on June 19, 2018.
             Was a Follower of Trog.
             Slain by a hobgoblin
             ... wielding a +0 club
              (4 damage)
             ... on level 1 of the Dungeon.
             The game lasted 00:01:05 (563 turns).

Amnesiac the Ducker (Spriggan Berserker)             Turns: 563, Time: 00:01:06

Health: -1/16      AC:  2    Str: 13    XL:     2   Next: 41%
Magic:  3/3        EV: 20    Int:  8    God:    Trog [*.....]
Gold:   41         SH:  0    Dex: 15    Spells: 1/1 levels left

rFire    . . .     SeeInvis +   a - +0 falchion
rCold    . . .     Gourm    .   (shield restricted)
rNeg     . . .     Faith    .   b - +0 animal skin
rPois    .         Spirit   .   (helmet restricted)
rElec    .         Reflect  .   (no cloak)
rCorr    .         Harm     .   (gloves unavailable)
MR       .....                  (boots unavailable)
Stlth    +.........             (no amulet)
HPRegen  0.05/turn              (no ring)
MPRegen  0.08/turn              (no ring)

@: very quick
A: very small, unfitting armour, see invisible, herbivore, speed 3, slow
metabolism 2
a: Berserk, Renounce Religion


You were on level 1 of the Dungeon.
You worshipped Trog.
Trog was aware of your devotion.
You were not hungry.

You visited 1 branch of the dungeon, and saw 2 of its levels.

You collected 41 gold pieces.

Inventory:

Hand Weapons
 a - a +0 falchion (weapon)
Armour
 b - a +0 animal skin (worn)
Scrolls
 e - a scroll of noise {!r, unknown}
 f - a scroll of fear {!r, unknown}
 g - a scroll of identify {!r, unknown}
Potions
 d - 2 potions of brilliance {!q, unknown}
Comestibles
 c - 2 rations


   Skills:
 * Level 2.9 Fighting
 - Level 2.4 Long Blades
 + Level 4.8 Dodging


You had one spell level left.
You didn't know any spells.
Your spell library was empty.

Dungeon Overview and Level Annotations

Branches:
Dungeon (2/15)

Altars:


Innate Abilities, Weirdness & Mutations

You are very small and have problems with some larger weapons.
You are too small for most types of armour.
You have supernaturally acute eyesight. (SInv)
You are a herbivore.
You cover ground extremely quickly.
You need to consume almost no food.


Message History

The jackal barely misses you.
A jackal comes into view.
You barely miss the jackal.
The jackal is moderately wounded.
The jackal bites you. The jackal barely misses you.
The jackal completely misses you.
You riposte.
You closely miss the jackal. The jackal misses you.
The jackal barely misses you.
You barely miss the jackal.
The jackal is moderately wounded.
The jackal completely misses you.
You riposte.
The jackal barks!
You hit the jackal.
You kill the jackal!
Trog accepts your kill. The jackal completely misses you.
An ooze comes into view.
The jackal closely misses you. The jackal misses you.
The jackal closely misses you.
The ooze quivers.
You hear a bark!
You hit the jackal.
The jackal is severely wounded.
The jackal completely misses you. The jackal closely misses you.
You riposte.
You hit the jackal but do no damage.
A jackal comes into view.
A hobgoblin comes into view. It is wielding a club.
A kobold comes into view. It is wielding a short sword.
You hit the jackal.
You kill the jackal!
Trog accepts your kill. The jackal misses you.
The jackal bites you but does no damage.
The jackal barely misses you.
The kobold throws a stone.
The stone closely misses you.
You hit the jackal.
You kill the jackal!
Trog accepts your kill. The jackal closely misses you.
The kobold throws a stone.
The stone misses you.
You closely miss the jackal. The jackal completely misses you.
The jackal misses you.
You riposte.
You barely miss the jackal. The jackal misses you.
You riposte.
You barely miss the jackal. The jackal closely misses you.
You hit the jackal.
The jackal is severely wounded.
The jackal bites you. The jackal closely misses you.
The ooze barely misses you.
You riposte.
You hit the ooze but do no damage. The jackal completely misses you.
You riposte.
You hit the jackal.
The jackal is almost dead.
The jackal closely misses you.
You barely miss the jackal.
The jackal is almost dead.
The jackal bites you.
The jackal bites you but does no damage.
The ooze closely misses you.
You closely miss the jackal.
The jackal is almost dead.
The jackal completely misses you. x2; The ooze hits you.
* * * LOW HITPOINT WARNING * * *
The jackal bites you.
* * * LOW HITPOINT WARNING * * *
The jackal misses you.
The jackal bites you but does no damage.
The hobgoblin hits you with a club.
You die...

#.# #..##..# ##...... #♣.♣
##.##..# #+#PP.P ...#
#..#..# ###+# #♣.♣ ##.#..#
#... #.######.#..# #.>.
♣.♣.........## ### #...
#............### ....###'#
#..............#####
.........
#####.#........@.hJ#
##.....<.
#...#####...gh......########
#.....## ###?......#..
#...... ..K##.......
#.....## ##..# ###.##.
#...... .... ... #####..
..... ..# #... ....##. ..
#...


You could see an ooze, 2 jackals, a hobgoblin and a kobold.

Vanquished Creatures
  A giant cockroach (D:1)
  2 goblins (D:1)
  7 jackals (D:1)
  A kobold (D:1)
  4 rats
15 creatures vanquished.

Notes
Turn   | Place    | Note
-------+----------+-------------------------------------------
     0 | D:1      | Amnesiac the Spriggan Berserker began the quest for the Orb.
     0 | D:1      | Reached XP level 1. HP: 11/11 MP: 2/2
   514 | D:1      | Reached XP level 2. HP: 14/16 MP: 3/3
   563 | D:1      | Slain by a hobgoblin

Vault maps used:
D:1:      dpeg_arrival_water_fire, serial_forest, infiniplex_forest_corner_1,
          infiniplex_forest_zigzag_1, infiniplex_forest_straight_2,
          infiniplex_forest_clump_double, infiniplex_forest_lined_3_way,
          infiniplex_forest_side_room, minmay_misc_feat_x
D:2:      nicolae_gozag_seed_capital, nicolae_ru_great_annihilating_truth

Action                   || total
-------------------------++-------
Melee: Falchion          ||    37
Armor: Animal skin       ||     5
Dodge: Dodged            ||    64
       Rpst.: Falchion   ||    16

Table legend:
 A = Spawn XP
 B = Non-spawn XP
 C = Spawn XP percentage of total XP
 D = Spawn monster count
 E = Non-spawn monster count
 F = Spawn count percentage of total count
 G = Total turns spent on level
                    A         B        C        D         E        F      G
               +---------+---------+-------+---------+---------+-------+---------
         Total |       0 |      24 |   0.0 |       0 |      15 |   0.0 |   563
               +---------+---------+-------+---------+---------+-------+---------
           D:1 |       0 |      21 |   0.0 |       0 |      12 |   0.0 |   253
           D:2 |       0 |       3 |   0.0 |       0 |       3 |   0.0 |   310
               +---------+---------+-------+---------+---------+-------+---------
